 Dungeon Crawl Stone Soup version 0.28-a0-828-g0121872642 (webtiles) character file.

Game seed: 885305694331481435

24 Zdeegee the Chiller (level 3, -1/22 (26) HPs)
             Began as a Human Ice Elementalist on Nov 10, 2021.
             Slain by a necrophage (3 damage)
             ... on level 1 of the Dungeon on Nov 11, 2021.
             The game lasted 00:05:48 (2571 turns).

Zdeegee the Chiller (Human Ice Elementalist)        Turns: 2571, Time: 00:05:48

HP:   -1/22 (26)    AC:  2    Str:  8    XL:     3   Next: 15%
MP:   4/6           EV: 12    Int: 16    God:
Gold: 64            SH:  0    Dex: 13    Spells: 5/6 levels left

rFire   + . .      SeeInvis .   k - +0 short sword
rCold   + . .      Faith    .   (no shield)
rNeg    . . .      Spirit   .   a - +0 robe
rPois   +          Reflect  .   (no helmet)
rElec   +          Harm     .   (no cloak)
rCorr   +          Rampage  .   (no gloves)
Will    .....                   (no boots)
Stlth   ++........              (no amulet)
HPRegen 0.07/turn               (no ring)
MPRegen 0.10/turn               (no ring)

@: resistant, heavily drained
A: no striking features
a: no special abilities


You were on level 1 of the Dungeon.
You visited 1 branch of the dungeon, and saw 3 of its levels.

You collected 64 gold pieces.

Inventory:

Hand Weapons
 f - a +0 club
 k - a +0 short sword (weapon)
Missiles
 l - 50 stones
Armour
 a - a +0 robe (worn)
Jewellery
 i - a ring of magical power
Scrolls
 b - 2 scrolls of blinking {unknown}
 d - 2 scrolls of fog {unknown}
 e - 3 scrolls of identify {unknown}
 g - a scroll of magic mapping {unknown}
 h - a scroll of teleportation {unknown}
 j - 2 scrolls of brand weapon {unknown}
Potions
 c - a potion of resistance


   Skills:
 * Level 1.1 Fighting
 * Level 2.0 Dodging
 + Level 2.3 Stealth
 * Level 2.2 Spellcasting
 * Level 4.3 Ice Magic
 * Level 0.1 Air Magic


You had 5 spell levels left.
You knew the following spells:

 Your Spells              Type           Power      Damage    Failure   Level
a - Freeze                Ice            60%        1d8       3%          1

Your spell library contained the following spells:

 Spells                   Type           Power      Damage    Failure   Level
 Frozen Ramparts          Ice            30%        1d5       11%         3
 Ozocubu's Armour         Ice            15%        N/A       11%         3
 Hailstorm                Conj/Ice       8%         3d4       63%         4


Dungeon Overview and Level Annotations

Branches:
Dungeon (3/15)

Altars:


Message History

Casting: Freeze (safe; 3% risk of failure)
Confirm with . or Enter, or press ? or * to list all spells.
Aiming: Freeze (safe; 3% risk of failure)
Press: ? - help, Shift-Dir - straight line, f/p - necrophage
Aim: a necrophage (heavily damaged)
You freeze the necrophage.
The necrophage resists.
The necrophage is heavily damaged.
The necrophage hits you.
You feel drained.
The necrophage hits you but does no damage.
There is a stone staircase leading up here.
The necrophage hits you.
You climb upwards.
There is a stone staircase leading down here.
A necrophage is nearby!
Casting: Freeze (safe; 3% risk of failure)
Confirm with . or Enter, or press ? or * to list all spells.
Aiming: Freeze (safe; 3% risk of failure)
Press: ? - help, Shift-Dir - straight line, f - necrophage
Aim: a necrophage (moderately damaged)
You freeze the necrophage.
The necrophage resists.
The necrophage is heavily damaged.
The necrophage hits you.
* * * LOW HITPOINT WARNING * * *
You feel drained.
There is a stone staircase leading up here.
You climb upwards.
There is a stone staircase leading down here.
The necrophage hits you.
* * * LOW HITPOINT WARNING * * *
You climb downwards.
There is a stone staircase leading up here.
The necrophage hits you.
* * * LOW HITPOINT WARNING * * *
You climb upwards.
There is a stone staircase leading down here.
Okay, then.
It was a potion of resistance.
You feel protected. The necrophage hits you.
You die...

.......#.## ##.....#.###≈....####
.#.....#..###......#....≈..≈.....
.#....##...........#####≈..###.##
########.####....<.#....≈......#
.......#.## #......#.####......#
######.#..# ########.# #.###..#
#.#..######^# #.# #.# #..##
#.#.......#n# #.####.# #....
#.#######.#@# #......# #.###
#.##......##############.#
#.##.#####...............# #.##.#
#.############### #.##.# #.#
#.##.# #.# #.##.#####.#
#........#.# ##########
####.###.#.# #.........


You could see a necrophage.

Vanquished Creatures
  2 endoplasms (D:2)
  3 goblins (D:1)
  2 hobgoblins
  2 jackals (D:2)
  A quokka (D:2)
  2 ball pythons (D:1)
  3 bats
  2 kobolds
  6 rats
23 creatures vanquished.

Notes
Turn   | Place    | Note
-------+----------+-------------------------------------------
     0 | D:1      | Zdeegee the Human Ice Elementalist began the quest for the
                  | Orb.
     0 | D:1      | Reached XP level 1. HP: 13/13 MP: 3/3
    97 | D:1      | You fall into a shaft and drop 1 floor!
   999 | D:1      | Reached XP level 2. HP: 20/20 MP: 3/5
  1433 | D:2      | Reached skill level 1 in Fighting
  1784 | D:2      | Found a faded altar of an unknown god.
  1819 | D:2      | Reached XP level 3. HP: 24/26 MP: 0/6
  2502 | D:3      | Noticed a necrophage
  2571 | D:1      | Slain by a necrophage

Illustrated notes

Levels and vault maps discovered:
D:1:      elethiomel_arrival_shortcut, layout_basic,
          chequers_serial_rivers_micro_e, minmay_domino_2
D:2:      layout_basic, basic_ecumenical_altar
D:3:      layout_basic, gammafunk_temple_overflow_elements, grunt_ministairs_15,
          uniq_jessica

Skill      XL: |  1  2 |
---------------+-------+-----
Fighting       | 1 |  1.1
Dodging        | |  2.0
Stealth        | |  2.3
Spellcasting   | |  2.2
Ice Magic      | |  4.3
Air Magic      | |  0.1

Action                   || total
-------------------------++-------
Melee: Unarmed           ||    12
       Club              ||    11
       Short sword       ||     1
 Cast: Freeze            ||    39
  Use: Potion            ||     1
Armor: Robe              ||     8
Dodge: Dodged            ||    40

Table legend: (Time is in decaauts)
 A = Elapsed time spent in this place.
 B = Non-inter-level travel time spent in this place.
 C = Inter-level travel time spent in this place.
 D = Time resting spent in this place.
 E = Time spent auto-exploring this place.
 F = Levels seen in this place.
 G = Mean time per level.
                   A        B        C        D        E       F      G
               +--------+--------+--------+--------+--------+-----+--------+
         Total |   2576 |   2456 |    120 |      0 |   2075 |   3 |  858.7 |
       Dungeon |   2576 |   2456 |    120 |      0 |   2075 |   3 |  858.7 |
               +--------+--------+--------+--------+--------+-----+--------+

Top non-repeatable levels by time:
     D:1: 1401 daAuts
     D:2: 1109 daAuts
     D:3: 66 daAuts
